 Dungeon Crawl Stone Soup version 0.26.1-11-gd32895ea62 (webtiles) character file.

Game seed: 12961358062857885545

69 Zeld the Digger (level 4, -5/25 HPs)
             Began as a Gargoyle Earth Elementalist on Aug 6, 2021.
             Killed from afar by Terence (8 damage)
             ... with a puff of flame
             ... on level 2 of the Dungeon.
             The game lasted 00:02:41 (1984 turns).

Zeld the Digger (Gargoyle Earth Elementalist)       Turns: 1984, Time: 00:02:43

Health: -5/25      AC:  5    Str: 11    XL:     4   Next: 20%
Magic:  1/7        EV: 12    Int: 17    God:
Gold:   75         SH:  0    Dex: 10    Spells: 2/8 levels left

rFire    . . .     SeeInvis .   (no weapon)
rCold    . . .     Faith    .   (no shield)
rNeg     + . .     Spirit   .   c - +0 robe
rPois    ∞         Reflect  .   (no helmet)
rElec    +         Harm     .   (no cloak)
rCorr    .         Rampage  .   (no gloves)
Will     .....                  (no boots)
Stlth    ++........             (no amulet)
HPRegen  0.08/turn              (no ring)
MPRegen  0.10/turn              (no ring)

@: no status effects
A: negative energy resistance 1, electricity resistance, unbreathing,
petrification resistance, miasma immunity, AC +3
a: no special abilities


You were on level 2 of the Dungeon.
You visited 1 branch of the dungeon, and saw 2 of its levels.

You collected 75 gold pieces.

Inventory:

Missiles
 b - 26 stones (quivered)
Armour
 c - a +0 robe (worn)
Jewellery
 k - a cursed -4 ring of slaying {unknown}
Scrolls
 d - 5 scrolls of identify {unknown}
 e - a scroll of teleportation {unknown}
 f - a scroll of amnesia {unknown}
 g - a scroll of enchant armour {unknown}
 h - a scroll of blinking {unknown}
 i - 2 scrolls of remove curse {unknown}
 l - a scroll of immolation {unknown}
Potions
 a - 2 potions of curing {unknown}
 j - a potion of lignification {unknown}
 m - a potion of might
 n - a potion of attraction {unknown}


   Skills:
 + Level 1.1 Fighting
 + Level 1.8 Dodging
 + Level 2.6 Stealth
 * Level 2.6 Spellcasting
 + Level 0.6 Conjurations
 - Level 1.0 Transmutations
 * Level 4.5 Earth Magic


You had 2 spell levels left.
You knew the following spells:

 Your Spells              Type           Power        Failure   Level
a - Sandblast             Erth           34%          2%          1
b - Passwall              Tmut/Erth      9%           9%          2
c - Stone Arrow           Conj/Erth      20%          19%         3

Your spell library contained the following spells:

 Spells                   Type           Power        Failure   Level
 Petrify                  Tmut/Erth      11%          52%         4
 Lee's Rapid Deconstruct  Erth           8%           61%         5


Dungeon Overview and Level Annotations

Branches:
Dungeon (2/15)

Altars:

Annotations:
D:2 Terence


Innate Abilities, Weirdness & Mutations

You are resistant to torment.
Your stone body is resilient. (AC +3)
You are immune to poison.
You resist negative energy. (rN+)
You are resistant to electric shocks. (rElec)
You can survive without breathing.
You are immune to petrification.
You are immune to miasma.


Message History

Casting: Sandblast (safe; 2% risk of failure)
Confirm with . or Enter, or press ? or * to list all spells.
Aiming: Sandblast (safe; 2% risk of failure)
Press: ? - help, Shift-Dir - straight line, f/p - Terence
Aim: Terence, wielding a +0 hand axe, wearing a +0 scale mail and carrying a wand of flame (19) (heavily wounded, 18% to evade)
The blast of sand hits Terence but does no damage.
Terence is heavily wounded.
b - 26 stones Terence zaps a wand.
The puff of flame hits you.
* * * LOW HITPOINT WARNING * * *
Terence zaps a wand.
The puff of flame misses you.
Terence zaps a wand.
The puff of flame hits you.
* * * LOW HITPOINT WARNING * * *
A kobold comes into view. It is wielding a +0 short sword.
Casting: Sandblast (safe; 2% risk of failure)
Confirm with . or Enter, or press ? or * to list all spells.
You can't see any susceptible monsters within range! (Use Z to cast anyway.)
The kobold shouts!
Terence zaps a wand.
The puff of flame hits you!
You die...

..#...###..##..# ..###
#.#.#.##...##.####...#
#.#.#..#.#.........#
#...†#...#.....@...#
##............#.#...#
#...............##..#
##...............##..#
.................##.@#
................@##..# #
.................##..# .##
.........####.....#.$##..###
.........#
#..###.##...#...##
..#.....###... .###.....(.#
.>.#...##
#K................. #...####
#......#........... ##....#
.. ##.......... #......
#..#......#


You could see Terence and a kobold.

Vanquished Creatures
  An adder (D:2)
  An ooze (D:2)
  A worm (D:2)
  A dart slug (D:1)
  A leopard gecko (D:2)
  4 giant cockroaches (D:1)
  4 goblins
  8 hobgoblins
  7 jackals (D:1)
  6 bats
  5 frilled lizards (D:1)
  5 kobolds
  A rat (D:1)
45 creatures vanquished.

Notes
Turn   | Place    | Note
-------+----------+-------------------------------------------
     0 | D:1      | Zeld the Gargoyle Earth Elementalist began the quest for
                  | the Orb.
     0 | D:1      | Reached XP level 1. HP: 10/10 MP: 3/3
   255 | D:1      | Reached XP level 2. HP: 14/15 MP: 3/5
   261 | D:1      | Learned a level 2 spell: Passwall
   467 | D:1      | Reached skill level 4 in Earth Magic
   756 | D:1      | Reached skill level 1 in Transmutations
   758 | D:1      | Reached XP level 3. HP: 19/20 MP: 0/6
   774 | D:1      | Learned a level 3 spell: Stone Arrow
  1802 | D:2      | Reached skill level 1 in Fighting
  1815 | D:2      | Reached XP level 4. HP: 25/25 MP: 1/7
  1959 | D:2      | Noticed Terence
  1984 | D:2      | Killed from afar by Terence

Illustrated notes

Levels and vault maps discovered:
D:1:      tarquinn_simple_flora_water_d, layout_basic, minmay_pentomino_w2
D:2:      layout_rooms, uniq_terence

Skill      XL: |  1  2  3 |
---------------+----------+-----
Earth Magic    | 4 |  4.5
Transmutations | 1 |  1.0
Fighting       | 1 |  1.1
Dodging        | |  1.8
Stealth        | |  2.6
Spellcasting   | |  2.6
Conjurations   | |  0.6

Action                   |  1- 3 |  4- 6 || total
-------------------------+-------+-------++-------
Melee: Unarmed           |    17 |     5 ||    22
 Cast: Sandblast         |    64 |    11 ||    75
Armor: Robe              |    18 |     4 ||    22
Dodge: Dodged            |    42 |     5 ||    47
